 Dungeon Crawl Stone Soup version 0.21-a0-270-g8204059 (webtiles) character file.

1197 tof the Sneak (level 8, -2/60 HPs)
             Began as a Demonspawn Assassin on Sept 13, 2017.
             Was a Follower of Dithmenos.
             Slain by Kite's ghost (23 damage)
             ... on level 6 of the Dungeon.
             The game lasted 00:17:10 (7154 turns).

tof the Sneak (Demonspawn Assassin)                 Turns: 7154, Time: 00:17:11

Health: -2/60      AC:  6    Str: 11    XL:     8   Next: 20%
Magic:  8/8        EV: 14    Int: 13    God:    Dithmenos [*.....]
Gold:   242        SH:  6    Dex: 23    Spells: 7/7 levels left

rFire    . . .     SeeInvis +   a - +2 dagger
rCold    . . .     Gourm    .   D - +0 buckler
rNeg     . . .     Faith    .   c - +0 robe
rPois    .         Spirit   .   (helmet restricted)
rElec    .         Reflect  .   w - scarf {cloud immunity}
rCorr    .         Harm     .   M - +0 pair of gloves
MR       .....                  p - +0 pair of boots
Stlth    +++++.....             (no amulet)
HPRegen  0.20/turn              i - ring of see invisible
MPRegen  0.11/turn              I - +6 ring of dexterity

@: wreathed by umbra
A: antennae 1, iridescent scales 1, nightstalker 1, spiny 3
a: Renounce Religion


You were on level 6 of the Dungeon.
You worshipped Dithmenos.
Dithmenos was aware of your devotion.
You were not hungry.

You visited 2 branches of the dungeon, and saw 7 of its levels.

You collected 242 gold pieces.

Inventory:

Hand Weapons
 a - a +2 dagger (weapon)
 b - a +0 blowgun
Missiles
 e - 51 poisoned needles
 f - 2 curare-tipped needles
Armour
 c - a +0 robe (worn)
 d - a +0 cloak
 p - a +0 pair of boots (worn)
 w - a scarf of cloud immunity (worn)
 D - a +0 buckler (worn)
 M - a +0 pair of gloves (worn)
Jewellery
 i - a ring of see invisible (left hand)
 u - a +3 ring of strength
 I - a +6 ring of dexterity (right hand)
 N - an uncursed ring of flight
Scrolls
 k - 2 scrolls of fog {unknown}
 n - a scroll of remove curse {unknown}
 s - 6 scrolls of teleportation
 v - a scroll of blinking {unknown}
 x - 3 scrolls of identify {unknown}
 y - 2 scrolls of enchant armour {unknown}
 A - 2 scrolls of immolation {unknown}
 B - a scroll of recharging {unknown}
 C - 2 scrolls of amnesia {unknown}
 E - 4 scrolls of magic mapping
 H - a scroll of enchant weapon {unknown}
 L - a scroll of brand weapon {unknown}
Potions
 h - a potion of brilliance {unknown}
 j - 3 potions of lignification {unknown}
 m - 3 potions of flight {unknown}
 o - 2 potions of heal wounds {unknown}
 r - 2 potions of mutation {unknown}
 t - 5 potions of curing
 z - a potion of magic {unknown}
 K - a potion of cancellation {unknown}
 O - a potion of ambrosia {unknown}
 P - a potion of haste
Books
 J - a book of Misfortune

   Spells                             Type                      Level
   a - Confusing Touch                Hexes                        1
   b - Confuse                        Hexes                        3
   c - Gell's Gravitas                Translocation                3
   d - Petrify                        Transmutation/Earth          4
   e - Metabolic Englaciation         Hexes/Ice                    5
   f - Yara's Violent Unravelling     Hexes/Transmutation          5
Comestibles
 g - 6 bread rations
 l - 7 fruits
 q - 4 meat rations
 G - a royal jelly


   Skills:
 + Level 3.7 Fighting
 * Level 4.6 Short Blades
 + Level 3.3 Throwing
 + Level 3.2 Dodging
 * Level 6.1 Stealth
 * Level 3.2 Shields


You had 7 spell levels left.
You didn't know any spells.

Dungeon Overview and Level Annotations

Branches:
Dungeon (6/15)             Temple (1/1) D:4

Altars:
Cheibriados
Dithmenos
Gozag
Hepliaklqana
Kikubaaqudgha
Makhleb
Okawaru
Qazlal
Ru
Trog
Vehumet
Zin
The Shining One

Annotations:
D:6 Kite's ghost, novice MiBe


Innate Abilities, Weirdness & Mutations

You have a pair of small antennae on your head.
You are partially covered in iridescent scales. (AC +2)
You are slightly more attuned to the shadows.
You are completely covered in sharp spines.


Message History

There is an open door here.
There is a stone staircase leading up here.
Throwing (i - inventory):
F - a javelin (quivered)
Press: ? - help, Shift-Dir - straight line, f - Kite's ghost
Aim: Kite's ghost You throw a javelin.
The javelin hits Kite's ghost but does no damage.
Kite's ghost closely misses you.
You hit Kite's ghost but do no damage. You hit Kite's ghost but do no damage.
Kite's ghost hits you!!
You hit Kite's ghost but do no damage. Kite's ghost hits you.
You barely miss Kite's ghost. Kite's ghost is struck by your spines.
Kite's ghost misses you.
You hit Kite's ghost.
Kite's ghost is lightly damaged.
Kite's ghost hits you!!
You closely miss Kite's ghost.
Kite's ghost is lightly damaged.
Kite's ghost is struck by your spines. Kite's ghost hits you!!
You die...

#..> #########(###
#...........#####
#......W....##..##
#......<.........#
##.....##........#
#########........#
#......##...##...#
#..@W..##'####...#
##...(.##...##..##
##.....##...#####
#...........)...
#^..............
#......###+###..#
#......# ###
#........
#.........


You could see Kite's ghost.

Vanquished Creatures
  2 phantoms (D:4)
  2 centaurs (D:5)
  3 ogres
  3 hounds (D:4)
  3 orc priests
  3 orc wizards
  An iguana (D:4)
  4 worker ants
  A hound zombie (D:5)
  3 gnolls (D:2)
  7 adders
  An ooze (D:3)
  3 worms
  A dart slug (D:2)
  5 leopard geckos
  14 orcs
  A ball python (D:1)
  11 bats
  7 giant cockroaches
  7 goblins
  6 hobgoblins
  4 jackals
  3 quokkas
  3 frilled lizards
  10 kobolds
  A leopard gecko skeleton (D:5)
  10 rats
119 creatures vanquished.

Notes
Turn   | Place    | Note
-------+----------+-------------------------------------------
     0 | D:1      | tof the Demonspawn Assassin began the quest for the Orb.
     0 | D:1      | Reached XP level 1. HP: 16/16 MP: 1/1
   370 | D:1      | Gained mutation: You have a pair of small antennae on your head. [demonic ancestry]
   370 | D:1      | Reached XP level 2. HP: 22/22 MP: 2/2
   478 | D:1      | Reached skill level 1 in Dodging
   900 | D:2      | Gained mutation: You are partially covered in sharp spines. [demonic ancestry]
   900 | D:2      | Reached XP level 3. HP: 26/28 MP: 3/3
   949 | D:2      | Reached skill level 4 in Stealth
  1386 | D:2      | Gained mutation: You are mostly covered in sharp spines. [demonic ancestry]
  1386 | D:2      | Reached XP level 4. HP: 34/34 MP: 4/4
  1940 | D:3      | Gained mutation: You are partially covered in iridescent scales. (AC +2) [demonic ancestry]
  1940 | D:3      | Reached XP level 5. HP: 32/39 MP: 5/5
  2747 | D:4      | Found a burning altar of Makhleb.
  2753 | D:4      | Noticed an ogre
  2800 | D:4      | Found a stormy altar of Qazlal.
  2802 | D:4      | Noticed an air elemental
  2802 | D:4      | Noticed a water elemental
  2802 | D:4      | Noticed a fire elemental
  2965 | D:4      | Noticed a phantom
  3293 | D:4      | Reached skill level 1 in Shields
  3293 | D:4      | Reached XP level 6. HP: 46/46 MP: 6/6
  3925 | D:4      | Found a staircase to the Ecumenical Temple.
  3978 | D:4      | Reached skill level 5 in Stealth
  3986 | Temple   | Entered the Ecumenical Temple
  4214 | Temple   | Became a worshipper of Dithmenos the Shadowed
  4435 | D:4      | Found a bloodstained altar of Trog.
  4435 | D:4      | Found a glowing silver altar of Zin.
  4848 | D:4      | Gained mutation: You are slightly more attuned to the shadows. [demonic ancestry]
  4848 | D:4      | Reached XP level 7. HP: 15/52 MP: 7/7
  5170 | D:4      | HP: 2/52 [ogre/giant spiked club (31)]
  5846 | D:5      | Entered Level 5 of the Dungeon
  6324 | D:5      | Reached * piety under Dithmenos
  6552 | D:5      | Gained mutation: You are completely covered in sharp spines. [demonic ancestry]
  6552 | D:5      | Reached XP level 8. HP: 59/59 MP: 8/8
  6657 | D:5      | Reached skill level 6 in Stealth
  6774 | D:5      | Found a snail-covered altar of Cheibriados.
  6774 | D:5      | Found a sacrificial altar of Ru.
  6850 | D:6      | Noticed Kite's ghost (novice MiBe)
  7154 | D:6      | Slain by Kite's ghost

Vault maps used:
D:1:      lightli_arrival_noodles
D:2:      first_bread
D:3:      roderic_batcave
D:4:      gammafunk_temple_overflow_elements, lemuel_crystal_altar,
          minmay_temple_entry_mist, minmay_door_square,
          nicolae_qazlal_style_of_elements
D:5:      gammafunk_temple_overflow_pools
D:6:      nicolae_overflow_crystal_walls, serial_shops, nicolae_shop_stone,
          uniq_eustachio, uniq_pikel, uniq_duvessa
Temple:   nicolae_temple_figure_eight

Skill      XL: |  1  2  3  4  5  6  7  8 |
---------------+-------------------------+-----
Throwing       | 2 3 |  3.3
Dodging        | 1 2 3 |  3.2
Short Blades   | 2 3 4 |  4.6
Stealth        | 4 5 6 |  6.1
Shields        | 1 2 3 |  3.2
Fighting       | 3 |  3.7

Action                   |  1- 3 |  4- 6 |  7- 9 || total
-------------------------+-------+-------+-------++-------
Melee: Dagger            |    99 |   180 |    94 ||   373
 Fire: Blowgun           |     8 |    29 |     5 ||    42
Throw: Javelin           |       |     1 |     7 ||     8
  Use: Scroll            |       |       |     2 ||     2
 Stab: Sleeping          |     9 |    10 |     9 ||    28
       Distracted        |       |       |     1 ||     1
  Eat: Chunk             |     1 |     7 |     2 ||    10
       Bread ration      |       |     1 |     2 ||     3
Armor: Robe              |    19 |    17 |    10 ||    46
Dodge: Dodged            |    55 |    81 |    33 ||   169
Block: Buckler           |       |    14 |    12 ||    26

Table legend:
 A = Spawn XP
 B = Non-spawn XP
 C = Spawn XP percentage of total XP
 D = Spawn monster count
 E = Non-spawn monster count
 F = Spawn count percentage of total count
 G = Total turns spent on level
                    A         B        C        D         E        F      G
               +---------+---------+-------+---------+---------+-------+---------
         Total |       0 |    1711 |   0.0 |       0 |     119 |   0.0 |  7154
               +---------+---------+-------+---------+---------+-------+---------
           D:1 |       0 |      30 |   0.0 |       0 |      20 |   0.0 |   830
           D:2 |       0 |     136 |   0.0 |       0 |      26 |   0.0 |  1073
           D:3 |       0 |      88 |   0.0 |       0 |      29 |   0.0 |  1320
           D:4 |       0 |     914 |   0.0 |       0 |      27 |   0.0 |  2720
           D:5 |       0 |     543 |   0.0 |       0 |      17 |   0.0 |   899
               +---------+---------+-------+---------+---------+-------+---------
